 Dungeon Crawl Stone Soup version 0.20-a0-947-g2784f4f (webtiles) character file.

14413 Hybris the Cleaver (level 11, -3/90 HPs)
             Began as a Demonspawn Berserker on Apr 3, 2017.
             Was an Elder of Trog.
             Slain by a red ugly thing (13 damage)
             ... on level 11 of the Dungeon.
             The game lasted 00:41:50 (10179 turns).

Hybris the Cleaver (Demonspawn Berserker)          Turns: 10179, Time: 00:41:51

Health: -3/90      AC: 14    Str: 23    XL:     11   Next: 88%
Magic:  0/20       EV: 16    Int:  9    God:    Trog [****..]
Gold:   307        SH:  0    Dex: 12    Spells: 10/10 levels left

rFire    . . .     SeeInvis +   H - +2 war axe (freeze)
rCold    + . .     Gourm    .   (no shield)
rNeg     . . .     Faith    .   r - +2 troll leather armour {Purgy}
rPois    .         Spirit   +   I - +1 hat {SInv}
rElec    .         Reflect  .   v - scarf {Spirit}
rCorr    +         Harm     .   w - +0 pair of gloves (curse)
MR       .....                  y - +0 pair of boots
Stlth    +.........             (no amulet)
Regen    0.7/turn               A - +2 ring of strength
MPRegen  0.2/turn               k - ring of magical power

@: exhausted, about to teleport, very slightly contaminated, hasted and slowed
A: talons 1, yellow scales 3, cold resistance 1, freezing cloud immunity
a: Berserk, Trog's Hand, Brothers in Arms, Burn Spellbooks, Renounce Religion


You were on level 11 of the Dungeon.
You worshipped Trog.
Trog was greatly pleased with you.
You were very hungry.

You visited 1 branch of the dungeon, and saw 11 of its levels.
You also visited: Ossuary.

You collected 553 gold pieces.
You spent 246 gold pieces at shops.

Inventory:

Hand Weapons
 H - a +2 war axe of freezing (weapon)
 P - the +1 glaive "Qiepijig" {chop, rElec}
   (You found it on level 10 of the Dungeon)

   It inflicts extra damage upon your enemies.
   It insulates you from electricity.
Armour
 r - a +2 troll leather armour (worn) {Purgy}
 v - a scarf of spirit shield (worn)
 w - a cursed +0 pair of gloves (worn)
 y - a +0 pair of boots (worn)
 I - a +1 hat of see invisible (worn)
Jewellery
 h - an uncursed ring of see invisible {unknown}
 k - a ring of magical power (right hand)
 A - a +2 ring of strength (left hand)
Wands
 d - a wand of polymorph (24/24)
 o - a wand of enslavement (14/24)
 p - a wand of iceblast (4/15)
 F - a wand of enslavement (10/24)
Scrolls
 b - 7 scrolls of identify
 e - a scroll of recharging
 l - 2 scrolls of teleportation
 n - 10 scrolls of remove curse
 u - 2 scrolls of magic mapping
 G - 3 scrolls of fear
 J - a scroll of fog
Potions
 f - 2 potions of haste
 j - a potion of brilliance {unknown}
 m - 3 potions of might {unknown}
 q - 2 potions of cancellation
 t - 4 potions of heal wounds
 x - 2 potions of lignification
 z - a potion of resistance
 B - 2 potions of curing
 C - a potion of experience {unknown}
 D - a potion of berserk rage {unknown}
 E - a potion of ambrosia
 M - a potion of flight {unknown}
Miscellaneous
 Q - a fan of gales
Comestibles
 a - 12 chunks of flesh
 c - 5 bread rations
 g - 10 fruits
 i - 12 royal jellies
 s - 9 meat rations


   Skills:
 + Level 10.0 Fighting
 * Level 12.9 Axes
 * Level 4.4 Armour
 - Level 7.8 Dodging


You had 10 spell levels left.
You didn't know any spells.

Dungeon Overview and Level Annotations

Branches:
Dungeon (11/15)            Temple (0/1) D:5            Lair (0/6) D:10
    Orc (0/2) D:11

Altars:
Ashenzari
Cheibriados
Fedhas
Okawaru
Qazlal
Ru
Wu Jian
Xom
The Shining One
Beogh

Shops:
D:6 }?   D:7 %?   D:9 (


Innate Abilities, Weirdness & Mutations

You have sharp toenails.
You are completely covered in yellow scales. (AC +4, rCorr)
Your flesh is cold resistant. (rC+)
You are immune to freezing clouds.


Message History

You feel yourself speed up.
You are very lightly contaminated with residual magic.
The troll bites you but does no damage. The troll claws you!
The troll closely misses you.
You hear a shout!
You see here a bread ration.
You hear a shout!
The red ugly thing bites you!
You are engulfed in flames!!
* * * LOW HITPOINT WARNING * * *
You hear a shout!
You feel much better. The red ugly thing bites you!
You are engulfed in flames!
* * * LOW HITPOINT WARNING * * *
The troll closely misses you. The troll claws you.
* * * LOW HITPOINT WARNING * * *
The troll claws you but does no damage.
As you read the scroll of teleportation, it crumbles to dust.
You feel strangely unstable. The red ugly thing bites you!
* * * LOW HITPOINT WARNING * * *
You are engulfed in flames!
You die...

#....... #..#######
#.......
#..................
#..................
#..................
#.....%......######
#............
#.........
#.@.......
#.Tu......
#.%.......
#.........
#.........
#.........
#..####### #..#
#..#


You could see a red ugly thing and a troll.

Vanquished Creatures
  Gastronok (D:9)
  A two-headed ogre (D:8)
  Pikel (D:7)
  An oklob plant (D:10)
  An ugly thing (D:11)
  A deep elf mage (D:11)
  A gargoyle (D:11)
  3 trolls
  Prince Ribbit (D:7)
  3 hippogriffs
  4 yaks (D:11)
  A wyvern (D:11)
  A human (D:7)
  A steam dragon (D:8)
  4 hogs (D:7)
  A vampire mosquito (D:11)
  Menkaure (D:5)
  An ice beast (D:10)
  3 orc warriors
  A sky beast (D:11)
  Purgy (D:3)
  A slave (D:7)
  6 ogres
  A phantom (D:5)
  A necrophage (D:9)
  7 centaurs
  A big kobold (D:8)
  3 bullfrogs
  A wyvern skeleton (D:9)
  4 water moccasin zombies (Ossuary)
  2 scorpions
  6 wights
  2 electric eels (D:10)
  A bullfrog zombie (D:5)
  6 crimson imps
  4 centaur zombies
  4 centaur skeletons
  A hound (D:7)
  4 jellies
  12 orc priests
  A bullfrog skeleton (D:5)
  Jessica (D:3)
  Natasha (thrice) (D:3)
  Terence (D:2)
  2 iguanas
  16 orc wizards
  4 worker ants
  A killer bee zombie (D:10)
  3 big kobold zombies (Ossuary)
  A hound skeleton (D:7)
  4 mummies
  8 adders
  8 gnolls
  3 shadow imps
  2 adder skeletons
  6 adder zombies (Ossuary)
  A worm (D:2)
  3 dart slugs
  5 leopard geckos
  46 orcs
  3 giant cockroaches
  3 gnoll zombies (Ossuary)
  5 goblins
  4 hobgoblins
  9 jackals
  10 kobolds
  2 quokkas
  A ball python (D:1)
  6 bats
  2 frilled lizards
  4 hobgoblin zombies (Ossuary)
  3 kobold zombies (Ossuary)
  3 orc zombies (Ossuary)
  A quokka zombie (D:6)
  7 rats
  6 plants (D:10)
288 creatures vanquished.

Vanquished Creatures (collateral kills)
  An ice dragon (D:10)
  A hydra (D:11)
  An ugly thing (D:11)
  An ogre (D:11)
  A crocodile (D:11)
5 creatures vanquished.

Vanquished Creatures (others)
  2 slaves (D:7)
  An ogre (D:7)
  A hound (D:7)
  An orc wizard (D:7)
  A hound zombie (D:7)
  An adder (D:10)
  An orc (D:8)
  A withered plant (D:10)
9 creatures vanquished.

Grand Total: 302 creatures vanquished

Notes
Turn   | Place    | Note
-------+----------+-------------------------------------------
     0 | D:1      | Hybris the Demonspawn Berserker began the quest for the Orb.
     0 | D:1      | Reached XP level 1. HP: 18/18 MP: 1/1
    55 | D:1      | Reached skill level 3 in Axes
    55 | D:1      | Gained mutation: You have sharp toenails. [demonic ancestry]
    55 | D:1      | Reached XP level 2. HP: 7/24 MP: 2/2
   780 | D:1      | Reached XP level 3. HP: 13/29 MP: 3/3
  1807 | D:2      | Noticed Terence
  1816 | D:2      | Killed Terence
  1816 | D:2      | Reached skill level 4 in Axes
  1816 | D:2      | Reached XP level 4. HP: 37/37 MP: 4/4
  1977 | D:2      | Found an iron altar of Okawaru.
  2230 | D:2      | Reached ** piety under Trog
  2252 | D:3      | Noticed Purgy
  2263 | D:3      | Killed Purgy
  2263 | D:3      | Gained mutation: You are partially covered in yellow scales. (AC +2) [demonic ancestry]
  2263 | D:3      | Reached XP level 5. HP: 42/42 MP: 5/5
  2296 | D:3      | Reached skill level 5 in Axes
  2312 | D:3      | Gained mutation: You are mostly covered in yellow scales. (AC +3) [demonic ancestry]
  2312 | D:3      | Reached XP level 6. HP: 22/49 MP: 6/6
  2662 | D:3      | Found a sacrificial altar of Ru.
  2667 | D:3      | Noticed Jessica
  2682 | D:3      | Killed Jessica
  2869 | D:3      | Noticed Natasha
  2881 | D:3      | Killed Natasha
  2976 | D:3      | Found a glowing golden altar of the Shining One.
  3027 | D:3      | Noticed Natasha
  3037 | D:3      | Killed Natasha
  3037 | D:3      | Reached skill level 5 in Fighting
  3195 | D:3      | Noticed Natasha
  3203 | D:3      | Killed Natasha
  3203 | D:3      | Reached skill level 6 in Axes
  3455 | D:4      | You fall through a shaft for 3 floors!
  3471 | D:7      | Gained mutation: Your flesh is cold resistant. (rC+) [demonic ancestry]
  3471 | D:7      | Reached XP level 7. HP: 55/56 MP: 7/7
  3480 | D:7      | Found a blossoming altar of Fedhas.
  3744 | D:7      | Noticed a hog
  3744 | D:7      | Noticed a hog
  3744 | D:7      | Noticed a human
  3744 | D:7      | Noticed Prince Ribbit
  3745 | D:7      | Noticed a hog
  3757 | D:7      | Killed a human
  3758 | D:7      | Killed a hog
  3761 | D:7      | Killed a hog
  3761 | D:7      | Reached skill level 7 in Axes
  3761 | D:7      | Gained mutation: You are immune to freezing clouds. [demonic ancestry]
  3761 | D:7      | Reached XP level 8. HP: 39/64 MP: 5/8
  3768 | D:7      | Killed Prince Ribbit
  3901 | D:7      | Reached skill level 8 in Axes
  4028 | D:7      | Noticed Pikel
  4041 | D:7      | Killed Pikel
  4041 | D:7      | Reached XP level 9. HP: 71/71 MP: 9/9
  4077 | D:7      | Found Esesotz's Food Shop.
  4085 | D:7      | Bought a fruit for 21 gold pieces
  4085 | D:7      | Bought a royal jelly for 28 gold pieces
  4117 | D:6      | Found Baefyb Yluurr's Magic Scroll Boutique.
  4125 | D:6      | Bought a scroll of teleportation for 33 gold pieces
  4125 | D:6      | Bought a scroll of enchant armour for 82 gold pieces
  4125 | D:6      | Bought a scroll of remove curse for 33 gold pieces
  4130 | D:6      | Found Riohor's Gadget Shop.
  4180 | D:6      | Found a stormy altar of Qazlal.
  4195 | D:6      | Reached *** piety under Trog
  4283 | D:6      | Found a shattered altar of Ashenzari.
  4480 | D:6      | Found an ornate altar of the Wu Jian Council.
  4526 | D:5      | Entered Level 5 of the Dungeon
  4597 | D:5      | Found a sacrificial altar of Ru.
  4599 | D:5      | Found a sand-covered staircase.
  4605 | Ossuary  | Entered an ossuary
  4730 | Ossuary  | Reached skill level 9 in Axes
  4797 | Ossuary  | Reached **** piety under Trog
  4822 | Ossuary  | Reached skill level 5 in Dodging
  4963 | D:5      | Found a shimmering altar of Xom.
  4963 | D:5      | Found a shimmering altar of Xom.
  4963 | D:5      | Found a shimmering altar of Xom.
  4964 | D:5      | Found a shimmering altar of Xom.
  4964 | D:5      | Found a shimmering altar of Xom.
  4965 | D:5      | Found a shimmering altar of Xom.
  4965 | D:5      | Found a shimmering altar of Xom.
  5327 | D:5      | Found a staircase to the Ecumenical Temple.
  5358 | D:5      | Noticed Menkaure
  5368 | D:5      | Killed Menkaure
  5997 | D:7      | Found Ejuhi's Magic Scroll Emporium.
  6013 | D:7      | Bought a scroll of fear for 49 gold pieces
  6257 | D:7      | Reached skill level 10 in Axes
  6584 | D:8      | Gained mutation: You are completely covered in yellow scales. (AC +4, rCorr) [demonic ancestry]
  6584 | D:8      | Reached XP level 10. HP: 51/80 MP: 10/10
  6734 | D:8      | Noticed a two-headed ogre
  6745 | D:8      | Killed a two-headed ogre
  6957 | D:8      | Found a snail-covered altar of Cheibriados.
  7000 | D:9      | Found Ydytotre's Weapon Emporium.
  7062 | D:9      | Noticed Gastronok
  7075 | D:9      | Killed Gastronok
  7075 | D:9      | Reached skill level 11 in Axes
  7558 | D:9      | Reached ***** piety under Trog
  8007 | D:10     | Entered Level 10 of the Dungeon
  8440 | D:10     | Reached XP level 11. HP: 89/89 MP: 11/11
  8806 | D:10     | Found a staircase to the Lair.
  8806 | D:10     | Noticed an oklob plant
  8831 | D:10     | Killed an oklob plant
  8831 | D:10     | Reached skill level 12 in Axes
  9017 | D:10     | Noticed an ice dragon
  9193 | D:10     | Killed an ice dragon
  9257 | D:10     | Got an ancient glaive
  9269 | D:10     | Identified the +1 glaive "Qiepijig" {chop, rElec} (You found it on level 10 of the Dungeon)
  9333 | D:11     | Found a staircase to the Orcish Mines.
  9456 | D:11     | Noticed a brown ugly thing
  9470 | D:11     | Killed a brown ugly thing
  9504 | D:11     | Noticed a seven-headed hydra
  9509 | D:11     | Killed a seven-headed hydra
  9548 | D:11     | Noticed a purple ugly thing
  9561 | D:11     | Killed a purple ugly thing
  9867 | D:11     | Found a roughly hewn altar of Beogh.
 10039 | D:11     | Noticed a deep elf mage
 10046 | D:11     | Killed a deep elf mage
 10046 | D:11     | Reached skill level 10 in Fighting
 10144 | D:11     | Noticed a vampire knight
 10144 | D:11     | Paralysed by a vampire knight for 6 turns
 10172 | D:11     | Noticed a red ugly thing
 10179 | D:11     | Slain by a red ugly thing

Vault maps used:
D:1:      lemuel_arrival_funnel
D:2:      overflow_temple_1_default, minivault_11, kennysheep_another_room,
          uniq_terence
D:3:      nicolae_overflow_crystal_walls, first_bread, tso_altar, uniq_natasha,
          uniq_purgy, uniq_jessica
D:4:      marbit_many_paths, nicolae_overflow_hidden_temple,
          overflow_temple_1_default, zin_angel
D:5:      xom_redecorated, minmay_temple_entry_hall, gup_ossuary_entry_pyramid,
          basic_altar, hangedman_minor_gate_pass, uniq_menkaure
D:6:      kennysheep_little_box, lemuel_round_altar, lemuel_crystal_altar,
          serial_shops, shop, shop
D:7:      fedhas_altar_1, serial_shops, shop, shop, grunt_livestock,
          uniq_prince_ribbit1, uniq_pikel
D:8:      kennysheep_mini
D:9:      serial_shops, nicolae_shop_crystal, uniq_gastronok
D:10:     dragon1_lemuel, dpeg_oklobed_lair, serial_undead, serial_undead_c,
          serial_undead_e, serial_undead_c, serial_undead_f
D:11:     minmay_sliced_demisemicircle, minmay_orc_entry_temple_small,
          kennysheep_generic_room_12
Ossuary:  ossuary_tomb_2

Skill      XL: |  1  2  3  4  5  6  7  8  9 10 11 |
---------------+----------------------------------+-----
Axes           | 3 4 5 6 7 8 10 11 12 | 12.9
Fighting       | 4 5 6 7 9 10 | 10.0
Dodging        | 3 4 5 7 |  7.8
Armour         | 4 |  4.4

Action                   |  1- 3 |  4- 6 |  7- 9 | 10-12 || total
-------------------------+-------+-------+-------+-------++-------
Melee: Hand axe          |    87 |   146 |   416 |       ||   649
       Kick              |    23 |    40 |   100 |       ||   163
       Unarmed           |       |     4 |       |       ||     4
       War axe           |       |       |    43 |   475 ||   518
Invok: Berserk           |     1 |     5 |     9 |    11 ||    26
       Trog's Hand       |       |       |     5 |    10 ||    15
       Brothers in Arms  |       |       |       |     5 ||     5
       Burn Spellbooks   |       |       |       |     1 ||     1
  Use: Potion            |       |     1 |     2 |    10 ||    13
       Scroll            |       |     1 |     8 |     6 ||    15
 Stab: Distracted        |       |       |       |     1 ||     1
  Eat: Chunk             |     3 |     9 |    14 |    22 ||    48
       Royal jelly       |       |     1 |       |       ||     1
       Fruit             |       |       |     2 |       ||     2
       Bread ration      |       |       |     1 |     1 ||     2
Armor: Plate armour      |    57 |    51 |       |       ||   108
       Skin              |       |    31 |    20 |       ||    51
       Troll leather arm |       |    23 |   117 |   136 ||   276
Dodge: Dodged            |    17 |    67 |   240 |   276 ||   600
